 Dungeon Crawl Stone Soup version 0.20.1-1-g8b1a95d (webtiles) character file.

101 dohliylev the Sneak (level 4, -6/30 HPs)
             Began as a Vampire Enchanter on Dec 27, 2017.
             Killed from afar by an orc wizard (9 damage)
             ... with a magic dart
             ... on level 4 of the Dungeon.
             The game lasted 00:04:29 (554 turns).

dohliylev the Sneak (Vampire Enchanter)              Turns: 554, Time: 00:04:29

Health: -6/30      AC:  2    Str:  7    XL:     4   Next: 48%
Magic:  3/7        EV: 12    Int: 18    God:
Gold:   49         SH:  0    Dex: 14    Spells: 1/7 levels left

rFire    . . .     SeeInvis +   a - +1 dagger
rCold    . . .     Gourm    .   (no shield)
rNeg     . . .     Faith    .   b - +0 robe
rPois    .         Spirit   .   (no helmet)
rElec    .         Reflect  .   (no cloak)
rCorr    .         Harm     .   (no gloves)
MR       .....                  (no boots)
Stlth    ++++......             (no amulet)
Regen    0.3/turn               (no ring)
MPRegen  0.1/turn               (no ring)

@: regenerating quickly
A: fangs 3, see invisible, unbreathing
a: no special abilities


You were on level 4 of the Dungeon.
You were very full.

You visited 1 branch of the dungeon, and saw 4 of its levels.

You collected 49 gold pieces.

Inventory:

Hand Weapons
 a - a +1 dagger (weapon)
Armour
 b - a +0 robe (worn)
Wands
 i - a wand of random effects (35/48)
Scrolls
 c - a scroll of remove curse {unknown}
 e - a scroll of random uselessness {unknown}
 j - a scroll of blinking {unknown}
Potions
 d - 2 potions of blood
 f - a potion of haste {unknown}
 g - a potion of resistance {unknown}
 h - 2 potions of might {unknown}
 k - a potion of degeneration {unknown}


   Skills:
 - Level 1.1 Short Blades
 - Level 2.1 Dodging
 + Level 7.8 Stealth
 - Level 2.0 Spellcasting
 - Level 4.4 Hexes
 + Level 1.2 Ice Magic


You had one spell level left.
You knew the following spells:

 Your Spells              Type           Power        Failure   Level  Hunger
a - Corona                Hex            ###....      3%          1    #......
b - Ensorcelled Hibernat  Hex/Ice        ##....       9%          2    ###....
c - Confuse               Hex            ###.....     9%          3    ###....


Dungeon Overview and Level Annotations

Branches:
Dungeon (4/15)
 Temple: D:4-7

Altars:
Ashenzari
Elyvilon

Shops:
D:4 (


Innate Abilities, Weirdness & Mutations

Your natural rate of healing is unusually fast.
You have razor-sharp teeth.
You have supernaturally acute eyesight. (SInv)
You can survive without breathing.


Message History

Beogh smites you!
* * * LOW HITPOINT WARNING * * *
The orc wizard gestures wildly while chanting.
The orc wizard blinks!
There is an open door here.
Casting: Ensorcelled Hibernation
Confirm with . or Enter, or press ? or * to list all spells.
Aiming: Ensorcelled Hibernation
Press: ? - help, Shift-Dir - straight line, f/p - orc
Aim: an orc, wielding a war axe and wearing a leather armour (chance to defeat MR: 60%)
The orc looks drowsy...
There is an open door here.
The orc wizard gestures at you while chanting.
The magic dart hits you!
* * * LOW HITPOINT WARNING * * *
Your magical contamination has completely faded away.
There is a stone staircase leading down, spattered with blood here.
The orc wizard gestures at you while chanting.
The magic dart hits you!
You die...

..................##.##.#....#
.#..#.###.####....##.##.#....#
.#..#.# ### #..........#....#
....#.########...###...o'....#
.......................##....#
....####.######..###...##....#
....# #.# #........##....#
....+ ... #...##....+....#
#...# ##### #.@.##..###....#
#.... #.#.##..# #.#### #.....
#.#.##..# #.# #......
#.#.....( ..# #.......
#<#.###### #.......# #.#.. ##
##


You could see an orc wizard.

Vanquished Creatures
  2 worker ants (D:4)
  4 adders
  An ooze (D:3)
  A goblin (D:3)
  A hobgoblin (D:2)
  A quokka (D:4)
  A ball python (D:3)
  2 bats
  2 frilled lizards
  A kobold (D:2)
  3 rats
19 creatures vanquished.

Notes
Turn   | Place    | Note
-------+----------+-------------------------------------------
     0 | D:1      | dohliylev the Vampire Enchanter began the quest for the Orb.
     0 | D:1      | Reached XP level 1. HP: 13/13 MP: 3/3
   160 | D:2      | Found a white marble altar of Elyvilon.
   191 | D:2      | Reached skill level 5 in Stealth
   191 | D:2      | Reached XP level 2. HP: 19/19 MP: 5/5
   195 | D:2      | Learned a level 2 spell: Ensorcelled Hibernation
   224 | D:3      | Reached skill level 6 in Stealth
   350 | D:3      | Reached XP level 3. HP: 24/24 MP: 1/6
   355 | D:3      | Learned a level 3 spell: Confuse
   425 | D:4      | Found Gycaynt's Weapon Shoppe.
   438 | D:4      | Reached skill level 7 in Stealth
   447 | D:4      | Reached skill level 1 in Ice Magic
   447 | D:4      | Reached XP level 4. HP: 24/30 MP: 2/7
   453 | D:4      | Found a shattered altar of Ashenzari.
   554 | D:4      | Killed from afar by an orc wizard

Skill      XL: |  1  2  3 |
---------------+----------+-----
Stealth        | 5 6 7 |  7.8
Ice Magic      | 1 |  1.2
Short Blades   | |  1.1
Dodging        | |  2.1
Spellcasting   | |  2.0
Hexes          | |  4.4

Action                   |  1- 3 |  4- 6 || total
-------------------------+-------+-------++-------
Melee: Dagger            |    30 |     2 ||    32
 Cast: Corona            |     5 |       ||     5
       Ensorcelled Hiber |     9 |     4 ||    13
 Stab: Sleeping          |    11 |     2 ||    13
  Eat: Corpse            |     7 |     1 ||     8
Armor: Robe              |     6 |       ||     6
Dodge: Dodged            |    18 |     1 ||    19
